Cogmind - Beta 14 @@@ ROGUE MODE // 2024.09.07 @ 19:02:37 Player: TheProctologist Result: Destroyed by LY-V5D(R) with Subdweller Shrapnel Launcher Performance ------------- Evolutions (0) 0 Regions Visited (3) 600 Robots Destroyed (23) 115 Value Destroyed (434) 434 Prototype IDs (0) 0 Alien Tech Used (0) 0 Bonus (0) 0 TOTAL SCORE: 1149 Bonus ------- None Cogmind --------- Core Integrity 0/250 Matter 285/300 Energy 100/100 System Corruption 0% Temperature Cool (0) Movement Walking (260) Ox2 Location -10/Subcaves Parts ------- > --- POWER (1) -------- (None) > --- PROPULSION (2) --- Aluminum Leg > --- UTILITY (2) ------ Large Storage Unit Hacking Suite > --- WEAPON (2) ------- Hammer Hammer > --- INVENTORY (15) --- Ion Engine Light Ion Engine Light Ion Engine Structural Scanner Improved Terrain Scanner Transport Network Coupler EM Shotgun EM Shotgun Mining Laser Plasma Cutter Peak State ------------ > --- POWER ------------ Light Ion Engine > --- PROPULSION ------- Aluminum Leg Aluminum Leg > --- UTILITY ---------- Large Storage Unit Hacking Suite > --- WEAPON ----------- EM Shotgun EM Shotgun > --- INVENTORY -------- Ion Engine Light Ion Engine Light Ion Engine Structural Scanner Improved Terrain Scanner Transport Network Coupler Mining Laser Plasma Cutter Hammer Hammer [Rating: 12] Favorites ----------- Power Ion Engine Engine Ion Engine Propulsion Aluminum Leg Leg Aluminum Leg Utility Hacking Suite Device Improved Terrain Scanner Storage Large Storage Unit Hackware Hacking Suite Weapon Hammer Energy Gun EM Pulse Gun Launcher Grenade Launcher Impact Weapon Hammer Build | -11 -10 -10 -10 ------- Run | Yrd Mat Min Sub Slots Evolved . | . . . . Power . | . . . . Propulsion . | . . . . Utility . | . . . . Weapon . | . . . . Parts Attached 20 | 7 7 2 4 Power 2 | 1 . 1 . Engine 2 | 1 . 1 . Core . | . . . . Reactor . | . . . . Propulsion 3 | 2 1 . . Treads . | . . . . Leg 3 | 2 1 . . Wheel . | . . . . Hover . | . . . . Flight . | . . . . Utility 5 | 2 3 . . Device 1 | 1 . . . Storage 3 | 1 2 . . Processor . | . . . . Hackware 1 | . 1 . . Protection . | . . . . Artifact . | . . . . Weapon 10 | 2 3 1 4 Energy Gun 4 | 2 . . 2 Energy Cannon . | . . . . Ballistic Gun . | . . . . Ballistic Cannon . | . . . . Launcher 2 | . 1 1 . Special Weapon . | . . . . Impact Weapon 4 | . 2 . 2 Slashing Weapon . | . . . . Piercing Weapon . | . . . . Special Melee Weapon . | . . . . Unidentified Prototypes . | . . . . Parts Lost 4 | . 1 . 3 Power 1 | . . . 1 Propulsion 2 | . 1 . 1 Utility . | . . . . Weapon 1 | . . . 1 Highest Loss Streak 2 | . 1 . 2 To Critical Strikes . | . . . . Average Slot Usage (%) 97 | . 99 100 89 Engine 14 | . 14 14 14 Leg 25 | . 27 28 18 Storage 14 | . 14 14 14 Hackware 13 | . 13 14 14 Energy Gun 3 | . 4 . 1 Launcher 3 | . 1 12 4 Impact Weapon 21 | . 22 16 21 Peak Build Rating 12 | 9 10 10 12 Average Rating 9 | 5 9 10 9 On Entrance 7 | . 9 10 10 Naked Turns . | . . . . Heaviest Build 30 | 14 29 30 29 Greatest Support 20 | 20 20 20 20 Greatest Overweight (x) 2 | 1 1 1 2 Average Overweight (x) . | . . 1 1 Largest Inventory Capacity 15 | 8 15 15 15 Average Capacity 11 | 6 9 15 15 Most Carried 11 | 4 10 11 11 Average Carried 8 | 2 7 10 10 Final Capacity 15 | 8 15 15 15 Final Carried 11 | 4 10 11 10 Class Distribution -------------------- 100% | Mutant Dominant Class ---------------- Mutant | -10/Materials Mutant | -10/Mines Mutant | -10/Subcaves Resources | -11 -10 -10 -10 ----------- Run | Yrd Mat Min Sub Matter Collected 450 | 270 95 45 40 Remotely . | . . . . Salvage Created 657 | 119 348 85 105 Parts 39 | 8 19 9 3 Haulers Intercepted 2 | . 2 . . Recyclers Shooed . | . . . . Parts Field Recycled . | . . . . Retrieved Matter . | . . . . Parts Self-Destructed . | . . . . Prevented . | . . . . Kills | -11 -10 -10 -10 ------- Run | Yrd Mat Min Sub Combat Hostiles Destroyed 13 | . 9 2 2 Melee 3 | . 3 . . Guns 1 | . . . 1 AOE 6 | . 4 2 . Classes Destroyed 9 | 2 5 1 1 Builder 1 | . . 1 . Tunneler 3 | 2 . 1 . Hauler 2 | . 2 . . Recycler 2 | 1 . 1 . Operator 1 | . 1 . . Watcher 1 | . 1 . . Swarmer 5 | . 3 2 . Grunt 6 | . 6 . . Subdweller 2 | . . . 2 Best Kill Streak 5 | 2 4 5 1 Combat Bots Only 4 | . 4 2 1 Max Kills in Single Turn 3 | 1 2 3 1 Gunslinging . | . . . . Exploded 2 | . 2 1 . Melee 1 | . 1 . . Uniques/NPCs Destroyed . | . . . . Combat | -11 -10 -10 -10 -------- Run | Yrd Mat Min Sub Hostile Shots Fired 72 | . 47 12 13 Missed 23 | . 13 6 4 Damage Taken 872 | . 421 63 388 Core 262 | . 103 22 137 Absorbed by Shields . | . . . . Core Remaining (%) 100 | 100 . . . Volleys Fired 17 | 4 4 3 6 Largest 2 | 2 2 1 2 Hottest 90 | 80 80 30 90 Shots Fired 29 | 8 8 3 10 Gun 21 | 8 5 . 8 Cannon . | . . . . Launcher 8 | . 3 3 2 Special . | . . . . Kinetic . | . . . . Thermal 5 | 4 1 . . Explosive 8 | . 3 3 2 Electromagnetic 16 | 4 4 . 8 Robot Hit Streak 17 | 4 3 1 17 Robot Miss Streak 1 | 1 1 1 1 Penetration Max . | . . . . Secondary Targets . | . . . . Shots Hit Robots 51 | 6 31 1 13 Core Hits 25 | 4 11 7 3 Critical Kills . | . . . . Critical Parts Destroyed 6 | . 4 . 2 Critical Strikes 6 | . 4 . 2 Smash 6 | . 4 . 2 Melee Attacks 40 | . 37 . 3 Impact 40 | . 37 . 3 Slashing . | . . . . Piercing . | . . . . Sneak Attacks 4 | . 4 . . Combat Hostiles . | . . . . Follow-up Attacks 7 | . 6 . 1 Damage Inflicted 1608 | 69 1136 183 220 Guns 211 | 69 28 . 114 Cannons . | . . . . Explosions 571 | . 332 183 56 Melee 826 | . 776 . 50 Ramming . | . . . . Kinetic . | . . . . Thermal 101 | 44 57 . . Explosive 514 | . 275 183 56 Electromagnetic 167 | 25 28 . 114 Impact 826 | . 776 . 50 Slashing . | . . . . Piercing . | . . . . Highest Corruption . | . . . . Average Corruption . | . . . . Corruption Purged . | . . . . Corruption Blocked . | . . . . Overload Shots . | . . . . Overflow Damage 232 | . 197 . 35 Projectiles . | . . . . Explosions 11 | . 11 . . Melee 221 | . 186 . 35 Knockbacks 3 | . 2 . 1 Impact 3 | . 2 . 1 Kinetic . | . . . . Secondary . | . . . . Self-Inflicted Damage 35 | . . 13 22 Shots 3 | . . 1 2 Rammed . | . . . . Targets Rammed . | . . . . Kicked . | . . . . Crushed . | . . . . Highest Temperature 36 | 36 36 . . Average Temperature 18 | 16 19 . . Received Heat Transfer 216 | . 210 . 6 Siege Activations . | . . . . Robots Corrupted 3 | . 2 . 1 Combat Hostiles 3 | . 2 . 1 Parts Fried 7 | . 3 . 4 Impact Corruptions 9 | . 7 . 2 Robots Melted . | . . . . Combat Hostiles . | . . . . Parts Melted . | . . . . Heat Transferred 150 | 100 50 . . Parts Sabotaged . | . . . . Parts Stolen . | . . . . Parts Stripped . | . . . . Power Chain Reactions 1 | . 1 . . Alert | -11 -10 -10 -10 ------- Run | Yrd Mat Min Sub Peak Influence 279 | 15 279 118 . Initial 33 | . 9 33 . Average 100 | 5 122 45 . Maximum Alert Level 1 | . 1 . . Low Security (%) 88 | 100 84 100 . Level 1 11 | . 15 . . Level 2 . | . . . . Level 3 . | . . . . Level 4 . | . . . . Level 5 . | . . . . High Security . | . . . . Max Security . | . . . . Squads Dispatched 1 | . 1 . . Investigation 1 | . 1 . . Extermination . | . . . . Reinforcement . | . . . . Assault . | . . . . Garrison . | . . . . Intercept . | . . . . Searches Triggered . | . . . . Construction Impeded . | . . . . Haulers Reinforced . | . . . . Active Scanning Responses . | . . . . Cargo Convoy Interrupts . | . . . . Stealth | -11 -10 -10 -10 --------- Run | Yrd Mat Min Sub Distress Signals 4 | . 4 . . Communications Jammed . | . . . . Distress Signals . | . . . . Times Spotted 26 | . 20 3 3 Peak Tracking Total 6 | . 6 3 2 Tactical Retreats 3 | . 3 . . Traps | -11 -10 -10 -10 ------- Run | Yrd Mat Min Sub Traps Triggered 1 | . 1 . . Indirectly . | . . . . Trap Hack Attempts . | . . . . Triggered . | . . . . Disarmed . | . . . . Reprogrammed . | . . . . Reused . | . . . . Traps Extracted . | . . . . Installed . | . . . . Triggered . | . . . . Machines | -11 -10 -10 -10 ---------- Run | Yrd Mat Min Sub Machines Disabled . | . . . . Max in Single Turn . | . . . . Machines Repaired . | . . . . Machines Dismantled . | . . . . Machines Sabotaged . | . . . . Overloaded Fab Kills . | . . . . Hacking | -11 -10 -10 -10 --------- Run | Yrd Mat Min Sub Machines Accessed 6 | . 6 . . Terminals 6 | . 6 . . Fabricators . | . . . . Repair Stations . | . . . . Recycling Units . | . . . . Scanalyzers . | . . . . Garrison Access . | . . . . Total Hacks 17 | . 17 . . Successful 11 | . 11 . . Failed 6 | . 6 . . Catastrophic . | . . . . Database Lockouts . | . . . . Manual 8 | . 8 . . Terminals 17 | . 17 . . Fabricators . | . . . . Repair Stations . | . . . . Recycling Units . | . . . . Scanalyzers . | . . . . Garrison Access . | . . . . Terminal Hacks 7 | . 7 . . Robot Analysis 1 | . 1 . . Branch Access Points 1 | . 1 . . Emergency Access Points 1 | . 1 . . Alert Level 1 | . 1 . . Transport Status 1 | . 1 . . Registered Components 1 | . 1 . . Zone Layout 1 | . 1 . . Fabricator Hacks . | . . . . Repair Station Hacks . | . . . . Recycling Unit Hacks . | . . . . Scanalyzer . | . . . . Garrison Access Hacks . | . . . . Unauthorized Hacks 4 | . 4 . . Terminals 4 | . 4 . . Botnet 4 | . 4 . . Fabricators . | . . . . Repair Stations . | . . . . Recycling Units . | . . . . Scanalyzers . | . . . . Garrison Access . | . . . . Data Cores Recovered 1 | . 1 . . Used 1 | . 1 . . Hacking Detections 5 | . 5 . . Full Trace Events . | . . . . Feedback Events . | . . . . Feedback Blocked . | . . . . Robot Schematics Acquired . | . . . . Robots Built . | . . . . Authchips . | . . . . Time . | . . . . Total Robot Build Rating . | . . . . Part Schematics Acquired . | . . . . Parts Built . | . . . . Authchips . | . . . . Time . | . . . . Total Part Build Rating . | . . . . Parts Repaired . | . . . . Time . | . . . . Parts Recycled . | . . . . Recycled Matter . | . . . . Retrieved Matter . | . . . . Retrieved Components . | . . . . Parts Scanalyzed . | . . . . Part Schematics Acquired . | . . . . Parts Damaged . | . . . . Bothacking | -11 -10 -10 -10 ------------ Run | Yrd Mat Min Sub Used RIF Installer . | . . . . Robots Hacked . | . . . . Non-combat . | . . . . Combat . | . . . . Robot Hacks Applied . | . . . . Relay Couplers Released . | . . . . Fabnet Peak Effective % . | . . . . Robots Rewired . | . . . . Allies Hacked . | . . . . Hacks Repelled . | . . . . Allies | -11 -10 -10 -10 -------- Run | Yrd Mat Min Sub Total Allies . | . . . . Largest Group . | . . . . Highest-Rated Group . | . . . . Highest-Rated Ally . | . . . . Total Orders . | . . . . Ally Attacks . | . . . . Total Damage . | . . . . Kills . | . . . . Allies Corrupted . | . . . . Allies Melted . | . . . . Intel | -11 -10 -10 -10 ------- Run | Yrd Mat Min Sub Robot Analysis Total 1 | . 1 . . Derelict Logs Recovered 1 | . . 1 . Drone Launches . | . . . . Drone Recoveries . | . . . . Exploration | -11 -10 -10 -10 ------------- Run | Yrd Mat Min Sub Turns Passed 1908 | 84 1054 279 491 Spaces Moved 1123 | 51 735 143 194 Core 7 | 7 . . . Treads . | . . . . Legs 1116 | 44 735 143 194 Wheels . | . . . . Hover . | . . . . Flight . | . . . . Fastest Speed 50 | 50 120 190 190 Average Speed 150 | 114 124 190 231 Slowest Speed 260 | 120 190 190 260 Overloaded Moves . | . . . . Propulsion Burnouts . | . . . . Robots Hopped . | . . . . Cave-ins Triggered . | . . . . Exploration Rate (%) 35 | 3 96 28 16 Regions Visited 3 Branch Regions 2 Pre-discovered Areas 1 | . . 1 . Known Exits Taken 1 | . 1 . . Unknown Exits Taken 2 | 1 . 1 . Scrap Searched . | . . . . Spaces Dug 2 | . 2 . . Terrain Destroyed 52 | . 17 24 11 Melee 2 | . 2 . . Projectile . | . . . . AOE 50 | . 15 24 11 Terrain Rammed . | . . . . Walls Destroyed . | . . . . Machines Disabled . | . . . . Actions | -11 -10 -10 -10 --------- Run | Yrd Mat Min Sub Total 1249 | 65 815 147 222 Wait 40 | . 24 . 16 Move 1120 | 50 734 142 194 Hop . | . . . . Pick Up 12 | 4 8 . . Fast Attach 10 | 7 3 . . Attach 2 | . 1 . 1 Detach 3 | . 3 . . Swap 8 | . 3 2 3 Drop 6 | . 6 . . Fire 17 | 4 4 3 6 Melee 31 | . 29 . 2 Ram . | . . . . Kick . | . . . . Crush . | . . . . Escape Stasis . | . . . . Rewire . | . . . . Trap . | . . . . Miscellaneous . | . . . . Route ------- -11/Scrapyard -10/Materials (discovered 6 exits: [*Mat x3] / *Min x2 / [*Sub]) -10/Mines -10/Subcaves History --------- Turn | Location | Event 14 | -11/Scrapyard | Discovered new exit (range 16) 85 | -11/Scrapyard | Entered Materials 123 | -10/Materials | Identified exit to Mines 330 | -10/Materials | Build established: Mutant 664 | -10/Materials | Discovered new exit (range 15) 860 | -10/Materials | Discovered new exit (range 13) 908 | -10/Materials | Discovered new exit (range 15) 1030 | -10/Materials | Discovered new exit (range 15) 1139 | -10/Materials | Entered Mines 1398 | -10/Mines | Discovered new exit (range 11) 1409 | -10/Mines | Learned location of Storage (-8) 1418 | -10/Mines | Entered Subcaves 1897 | -10/Subcaves | Core integrity fell below 50% 1908 | -10/Subcaves | Core integrity fell below 20% 1909 | -10/Subcaves | Destroyed by LY-V5D(R) with Subdweller Shrapnel Launcher Last Messages --------------- 01608_ Subatomizers dissect the Corrupted Sub. Machine Gun. LY-V5D(R) emerges from concealment. 01885_ XI-RT1(R) suffers critical hit (Smash). 01885_ Destroyed Sub. Power Source. 01885_ XI-RT1(R) system corrupted by crushing effect. 01886_ XI-RT1(R) misfires. 01888_ XI-RT1(R) suffers critical hit (Smash). 01888_ Destroyed Sub. Laser. 01888_ XI-RT1(R) system corrupted by crushing effect. 01888_ Hammer follow-up attack on XI-RT1(R). 01888_ XI-RT1(R) knocked back. 01889_ XI-RT1(R) system terminally corrupted. 01889_ Sub. Optics fried. 01889_ Disposable Heat Sink fried. 01898_ Subatomizers dissect the Corrupted Sub. Monowheel. 01905_ Lgt. Ion Engine destroyed. Map ----- +----------------------------------------------------+ | ?????????????????????????????????????????????????? | | ?????????????????????????????????????????????????? | | ?????????????????????????????????????????????????? | | ?????????????????????????????????????????????????? | | ?????????????????????????????????????????????????? | | ?????????????????????????????????????????????????? | | ?????????????????????????????????????????????????? | | ?????????????????????????????????????????????????? | | ?????????????????????????????????????????????????? | | ?????????????????????????????????????????????????? | | ?????????????????????????????????????????????????? | | ?????????????????????????????????????????????????? | | ?????????????????????????????????????????????????? | | ?????????????????????????????"#??????????????????? | | ?????????????????????????????"#??????????????????? | | ????????????????##??????????# ##?????????????????? | | ????????????????? #??#???### "###???????????????? | | ?????????????????# ### ?# "" ##??????????????? | | ?????????????????# ? "" #??????????????? | | ?????????????????? ? "" #??????????????? | | ???????????????????# # ## ##?????????????? | | ???????????????????# ;;#; #?????????????? | | ??????????????????## #?????????????? | | ??????????????????# #####?????????? | | ??????????????????## R #?????????? | | ??????????????????# @ #????????? | | ??????????????????# ### #????????? | | ??????????????????## ##???????##????????? | | ???????????????????# ! #??????????????????? | | ???????????????????# #??????????????????? | | ??????????????????#### ##??????????????????? | | ??????????????????# ### ##???????????????? ?? | | ??????????????????# ## #??????????????# | | ??????????????????# ##????????????? | | ??????????????????## ##?????????????? | | ??????????????????## #??????????????? | | ?????????????????## ##?????????????# | | ?????????????????# #??####??????? | | ?????????????????# #?## ##?????? | | ?????????????????# ### ### ##???## | | ?????????????????# ##??# ##### | | ?????????????###?# ###### ## ## # | | ?????????????# ### ### | | ?????????????# ## | | ?????????????# ## | | ?????????????#### #### ### ## ####### | | ????????????????#### ##?# #?# ### ###???? | | ????????????????#### ### #?####?# ###?? | | ????????????????# ## ####????## ##? | | ????????????????## ## ## ##????## #? | +----------------------------------------------------+ Best States ------------- Heat Dissipation 25 Energy Generation 10 Energy Capacity 250 Matter Stores 300 Matter Capacity 300 Sight Range 16 Terrain Scan Range 16 Terrain Scan Density 10 Evasion (%) 55 Offensive Hacking 10 Item Schematics ----------------- None Robot Schematics ------------------ None Fabricated ------------ Nothing Alien Tech Used ----------------- None Achievements -------------- None Challenges ------------ None Game ------ Seed SurveybotNuclearChainsaw Manual? 0 Play Time 00:15:38 Cumulative 54.8 hours Start 2024.09.07 @ 18:48:48 End 2024.09.07 @ 19:02:37 Sessions 1 Manual Loads 0 Difficulty Rogue Special Mode None Game No. 73 Rogue 73 Adventurer 0 Explorer 0 Win Type - Total 0 Types 0/0/0/0/0/0/0/0/0 Lore% 14 Gallery% 29 Achievement% 27 Wizard Run 0 Options --------- Layout 1 ASCII 0 Keyboard 0 Movement Numpad Keybinds 0 Fullscreen 1 Font 32/SmallcapsGlow Map View 50x40 Zoom Use 7% Tactical HUD 1 Map Filters NONE Filters NONE Steam 1 RUN: 8cd01f7d-2dd0-45e9-b243-32f03671eec8